 Dungeon Crawl Stone Soup version 0.31-a0-321-g19405a7a6a (webtiles) character file.

Game seed: 18150685730349555863

207 LustLizard the Ruffian (level 5, 45/45 HPs)
             Began as a Demigod Shapeshifter on July 18, 2023.
             Quit the game on level 3 of the Dungeon.
             The game lasted 00:04:07 (1990 turns).

LustLizard the Ruffian (Demigod Shapeshifter)       Turns: 1990, Time: 00:04:08

Health: 45/45      AC:  6    Str: 20    XL:     5   Next: 28%
Magic:  7/7        EV: 25    Int: 10    God:
Gold:   126        SH:  0    Dex: 14    Spells: 2/4 levels left

rFire   . .          .
                       - Unarmed
rCold   . . .        (no shield)
rNeg    . . .        g - +0 scale mail
rPois   .            (helmet currently unavailable)
rElec   .            (cloak currently unavailable)
rCorr   .            (gloves currently unavailable)
SInv    .            (boots currently unavailable)
Will    .....        l - amulet of the acrobat Stlth
                     a - ring of wizardry
HPRegen 0.27/turn    (no ring)
MPRegen 0.10/turn

%: acrobat, wizardry (x1)
@: beast-form, acrobatic
A: beast (slay +2), high MP 1, forlorn, divine attributes
a: Begin Untransformation


You were on level 3 of the Dungeon.
You were a hulking beast.
You visited 1 branch of the dungeon, and saw 3 of its levels.

You collected 126 gold pieces.

Inventory:

Missiles
 f - 5 poisoned darts
 i - 4 curare-tipped darts
Armour
 g - a +0 scale mail (worn)
Jewellery
 a - a ring of wizardry (left hand)
 l - an amulet of the acrobat (around neck)
Talismans
 c - a beast talisman
Scrolls
 d - 2 scrolls of identify {unknown}
 h - a scroll of amnesia {unknown}
 k - a scroll of teleportation {unknown}
Potions
 b - a potion of lignification
 e - 2 potions of curing {unknown}
 j - 2 potions of heal wounds {unknown}


   Skills:
 + Level 3.0 Fighting
 - Level 1.7 Dodging
 * Level 4.0 Unarmed Combat
 + Level 3.4 Shapeshifting


You had 2 spell levels left.
You knew the following spells:

 Your Spells              Type           Power      Damage    Failure   Level
a - Blink                 Tloc           0%         N/A       52%         2

Your spell library contained the following spells:

 Spells                   Type           Power      Damage    Failure   Level
 Lesser Beckoning         Tloc           0%         N/A       52%         2
 Momentum Strike          Conj/Tloc      0%         3d8       52%         2


Dungeon Overview and Level Annotations

Branches:
Dungeon (3/15)

Shops:
D:1 !


Innate Abilities, Weirdness & Mutations

You are a hulking beast.
Your limbs bulge with bestial killing power. (Slay +2)
You have an increased reservoir of magic. (+10% MP)
You shall have no god before yourself.
Your divine heritage dramatically boosts your attributes as you level up.


Message History

You punch the jackal!
You kill the jackal!
You miss the goblin. The goblin hits you but does no damage.
You hit the goblin.
You kill the goblin!
The adder bites you but does no damage.
You barely miss the adder. The adder bites you.
You are poisoned.
The adder poisons you!
You miss the adder.
You feel sick. The adder bites you but does no damage.
You hit the adder.
The adder is moderately wounded.
You feel sick. The adder barely misses you. The adder bites you.
You closely miss the adder.
The adder is moderately wounded.
You feel sick. The adder barely misses you.
You miss the adder.
The adder is moderately wounded.
You feel sick. The adder misses you.
You miss the adder.
The adder is moderately wounded.
You feel sick.
You are no longer poisoned.
The adder completely misses you.
You miss the adder.
The adder is moderately wounded.
The adder bites you but does no damage. The adder barely misses you.
You hit the adder.
The adder is severely wounded.
The adder barely misses you.
You hit the adder.
You kill the adder!
Your Fighting skill increases to level 3!
Your Unarmed Combat skill increases to level 4!
No target in view!
No target in view!
Found a pair of gloves.
A frilled lizard comes into view.
The frilled lizard hisses angrily.
Are you sure you want to abandon this character and quit the game? (Confirm with "yes".)

.............##
#.
..............#
.#.
###########...#
.... #...# ....
#...# ...
#...#### #### .
#......# .....
#......#l.....
#.....h.......
#####
#...#.....####
.....
#...#.....#
.....
#...#.....#
.....
#...#.....#
.....
....#.....#
..... ...
#.....# .....
#.....# .....
...?.


You could see a frilled lizard.

Vanquished Creatures
  Natasha (thrice) (D:2)
  Robin (D:3)
  4 adders
  2 worms (D:2)
  3 dart slugs
  4 ball pythons
  6 bats
  5 endoplasms
  4 giant cockroaches
  7 hobgoblins
  5 jackals (D:3)
  2 quokkas
  12 goblins
  7 kobolds
  3 rats
68 creatures vanquished.

Notes
Turn   | Place    | Note
-------+----------+-------------------------------------------
     0 | D:1      | LustLizard the Demigod Shapeshifter began the quest for the
                  | Orb.
     0 | D:1      | Reached XP level 1. HP: 17/17 MP: 3/3
   117 | D:1      | Reached skill level 2 in Unarmed Combat
   136 | D:1      | Found Buuxkiol's Distillery.
   263 | D:1      | Reached XP level 2. HP: 24/24 MP: 4/4
   715 | D:2      | Reached XP level 3. HP: 15/29 MP: 5/5
   948 | D:2      | Noticed Natasha
   955 | D:2      | Killed Natasha
   956 | D:2      | Reached skill level 3 in Unarmed Combat
  1122 | D:2      | Reached XP level 4. HP: 37/37 MP: 6/6
  1397 | D:3      | Noticed Robin
  1429 | D:3      | Killed Robin
  1590 | D:2      | Noticed Natasha
  1600 | D:2      | Killed Natasha
  1685 | D:2      | Noticed Natasha
  1697 | D:2      | Killed Natasha
  1698 | D:2      | Reached XP level 5. HP: 22/44 MP: 7/7
  1850 | D:3      | Learned a level 2 spell: Blink
  1940 | D:3      | Reached skill level 4 in Unarmed Combat
  1990 | D:3      | Quit the game

Illustrated notes

Levels and vault maps discovered:
D:1:      mrwooster_arrival_arrow, layout_basic, serial_shops,
          nicolae_shop_tiny_glass
D:2:      layout_rooms, basic_altar, uniq_natasha
D:3:      cheibrodos_old_hovel, layout_basic, uniq_robin

Skill      XL: |  1  2  3  4  5 |
---------------+----------------+-----
Unarmed Combat | 2 3 4 |  4.0
Fighting       | 2 3 |  3.0
Shapeshifting  | 3 |  3.4
Dodging        | |  1.7

Action                     |  1- 3 |  4- 6 || total
---------------------------+-------+-------++-------
  Melee: Unarmed           |   116 |   123 ||   239
         Punch             |     2 |     1 ||     3
   Stab: Sleeping          |     2 |       ||     2
         Distracted        |     1 |       ||     1
 Armour: Animal skin       |    11 |       ||    11
         Scale mail        |    44 |    48 ||    92
  Dodge: Dodged            |    62 |    71 ||   133

Table legend: (Time is in decaauts)
 A = Elapsed time spent in this place.
 B = Non-inter-level travel time spent in this place.
 C = Inter-level travel time spent in this place.
 D = Time resting spent in this place.
 E = Time spent auto-exploring this place.
 F = Levels seen in this place.
 G = Mean time per level.
                   A        B        C        D        E       F      G
               +--------+--------+--------+--------+--------+-----+--------+
         Total |   1995 |   1748 |    247 |    222 |   1058 |   3 |  665.0 |
       Dungeon |   1995 |   1748 |    247 |    222 |   1058 |   3 |  665.0 |
               +--------+--------+--------+--------+--------+-----+--------+

Top non-repeatable levels by time:
     D:2: 808 daAuts
     D:1: 756 daAuts
     D:3: 429 daAuts
